PAAA
PORT ROYAL DISASTER @ PAWNEE PARKSNREC
08/10/2017
 
TOP OF THE 1ST
Port Royal Disaster batting - Pitching for Pawnee ParksNRec : RHP Jim Unknown
Pitching: RHP Jim Unknown
Batting: RHB Mike Green 0-0: Foul Ball, location: 2F
0-1: Ball
1-1: Foul Ball, location: 2F
1-2: Reached on error, E5 (Groundball, 5)
Batting: LHB George Best 0-0: Ball
1-0: Foul Ball, location: 2F
1-1: SINGLE (Line Drive, 34)
Mike Green to third
Runner from 3rd tries for Home, SAFE, no throw or cutoff
Batting: SHB Quan Ge 0-0: Called Strike
0-1: Ball
1-1: Ball
2-1: Grounds into double play, 6-4-3 (Groundball, 6M)
Batting: SHB Ethan Jollymour 0-0: Swinging Strike
0-1: Called Strike
0-2: Ball
1-2: Strikes out swinging
Top of the 1st over - 1 run(s), 1 hit(s), 1 error(s), 0 left on base; Port Royal 1 - Pawnee 0
BOTTOM OF THE 1ST
Pawnee ParksNRec batting - Pitching for Port Royal Disaster : RHP Félix Jiménez
Pitching: RHP Félix Jiménez
Batting: RHB Jim Unknown 0-0: Called Strike
0-1: Ball
1-1: Foul Ball, location: 2F
1-2: Ball
2-2: Ball
3-2: Foul Ball, location: 2F
3-2: Strikes out swinging
Batting: RHB Jim Unknown 0-0: Ball
1-0: Ball
2-0: Foul Ball, location: 2F
2-1: Called Strike
2-2: Strikes out swinging
Batting: RHB Jim Unknown 0-0: Ball
1-0: Ground out 6-3 (Groundball, 6)
Bottom of the 1st over - 0 run(s), 0 hit(s), 0 error(s), 0 left on base; Port Royal 1 - Pawnee 0
TOP OF THE 2ND
Port Royal Disaster batting - Pitching for Pawnee ParksNRec : RHP Jim Unknown
Batting: LHB Jason Potter 0-0: Ball
1-0: Called Strike
1-1: Fly out, F7 (Flyball, 7D)
Batting: RHB Jim Unknown 0-0: Ball
1-0: Ball
2-0: Fly out, F6 (Line Drive, 56)
Batting: LHB Keith McKnight 0-0: Foul Ball, location: 2F
0-1: Ball
1-1: Foul Ball, location: 2F
1-2: Ball
2-2: Ball
3-2: SINGLE (Groundball, 13) (infield hit)
Batting: RHB Clint Anthony 0-0: Fielders Choice at 2nd, U6 (Groundball, 6M)
Top of the 2nd over - 0 run(s), 1 hit(s), 0 error(s), 1 left on base; Port Royal 1 - Pawnee 0
BOTTOM OF THE 2ND
Pawnee ParksNRec batting - Pitching for Port Royal Disaster : RHP Félix Jiménez
Batting: RHB Jim Unknown 0-0: Ball
1-0: Called Strike
1-1: Fly out, F9 (Flyball, 9D)
Batting: RHB Jim Unknown 0-0: Foul Ball, location: 2F
0-1: Ball
1-1: Called Strike
1-2: Ball
2-2: SINGLE (Line Drive, 34D)
Batting: LHB Jim Unknown 0-0: Called Strike
0-1: Ball
1-1: Swinging Strike
1-2: Ball
Wild Pitch!
Jim Unknown to second
2-2: Foul Ball, location: 2F
2-2: Strikes out looking
Batting: RHB Jim Unknown 0-0: Ball
1-0: Foul Ball, location: 2F
1-1: Fly out, F9 (Flyball, 9S)
Bottom of the 2nd over - 0 run(s), 1 hit(s), 0 error(s), 1 left on base; Port Royal 1 - Pawnee 0
TOP OF THE 3RD
Port Royal Disaster batting - Pitching for Pawnee ParksNRec : RHP Jim Unknown
Batting: LHB Nelson Sanders 0-0: Called Strike
0-1: Foul Ball, location: 2F
0-2: Ball
1-2: Foul Ball, location: 2F
1-2: Strikes out looking
Batting: RHB Mike Green 0-0: Ball
1-0: Foul Ball, location: 2F
1-1: Ball
2-1: Called Strike
2-2: Foul Ball, location: 2F
2-2: Strikes out swinging
Batting: LHB George Best 0-0: Called Strike
0-1: Called Strike
0-2: Ball
1-2: Foul Ball, location: 2F
1-2: Ground out 3-1 (Groundball, 34S)
Top of the 3rd over - 0 run(s), 0 hit(s), 0 error(s), 0 left on base; Port Royal 1 - Pawnee 0
BOTTOM OF THE 3RD
Pawnee ParksNRec batting - Pitching for Port Royal Disaster : RHP Félix Jiménez
Batting: RHB Jim Unknown 0-0: Called Strike
0-1: Ball
1-1: Foul Ball, location: 2F
1-2: Foul Ball, location: 2F
1-2: Ball
2-2: SINGLE (Popup, 4MD)
Batting: RHB Jim Unknown 0-0: Ball
1-0: Swinging Strike
1-1: Foul Ball, location: 2F
1-2: Strikes out swinging
Batting: RHB Jim Unknown 0-0: Ball
1-0: Called Strike
1-1: Swinging Strike
1-2: Foul Ball, location: 2F
1-2: Strikes out swinging
Batting: RHB Jim Unknown 0-0: Called Strike
0-1: Called Strike
0-2: Ball
1-2: Foul Ball, location: 2F
1-2: Fly out, F7 (Flyball, 7LD)
Bottom of the 3rd over - 0 run(s), 1 hit(s), 0 error(s), 1 left on base; Port Royal 1 - Pawnee 0
TOP OF THE 4TH
Port Royal Disaster batting - Pitching for Pawnee ParksNRec : RHP Jim Unknown
Batting: SHB Quan Ge 0-0: Ball
1-0: Ball
2-0: Ball
3-0: Base on Balls
Batting: SHB Ethan Jollymour 0-0: Called Strike
0-1: Ball
1-1: Ball
2-1: Foul Ball, location: 2F
2-2: Ball
3-2: Strikes out looking
Batting: LHB Jason Potter 0-0: Foul Ball, location: 2F
0-1: Ball
1-1: Foul Ball, location: 2F
1-2: Ball
2-2: Strikes out swinging
Batting: RHB Jim Unknown 0-0: Ball
1-0: Fly out, F7 (Flyball, 7M)
Top of the 4th over - 0 run(s), 0 hit(s), 0 error(s), 1 left on base; Port Royal 1 - Pawnee 0
BOTTOM OF THE 4TH
Pawnee ParksNRec batting - Pitching for Port Royal Disaster : RHP Félix Jiménez
Batting: RHB Jim Unknown 0-0: Called Strike
0-1: Ground out 5-3 (Groundball, 5L)
Batting: RHB Jim Unknown 0-0: Ball
1-0: Ball
2-0: Ball
3-0: Called Strike
3-1: Swinging Strike
3-2: Foul Ball, location: 2F
3-2: Strikes out looking
Batting: RHB Jim Unknown 0-0: Swinging Strike
0-1: Foul Ball, location: 2F
0-2: Ball
1-2: Foul Ball, location: 2F
1-2: Ball
2-2: Strikes out looking
Bottom of the 4th over - 0 run(s), 0 hit(s), 0 error(s), 0 left on base; Port Royal 1 - Pawnee 0
TOP OF THE 5TH
Port Royal Disaster batting - Pitching for Pawnee ParksNRec : RHP Jim Unknown
Batting: LHB Keith McKnight 0-0: Called Strike
0-1: Ball
1-1: Ball
2-1: Fly out, F7 (Flyball, 8LM)
Batting: RHB Clint Anthony 0-0: SINGLE (Flyball, 78S)
Batting: LHB Nelson Sanders 0-0: Fly out, F7 (Flyball, 78M)
Batting: RHB Mike Green 0-0: Called Strike
0-1: Ball
1-1: Ball
2-1: Called Strike
2-2: Strikes out looking
Top of the 5th over - 0 run(s), 1 hit(s), 0 error(s), 1 left on base; Port Royal 1 - Pawnee 0
BOTTOM OF THE 5TH
Pawnee ParksNRec batting - Pitching for Port Royal Disaster : RHP Félix Jiménez
Batting: LHB Jim Unknown 0-0: Ground out 4-3 (Groundball, 4)
Batting: RHB Jim Unknown 0-0: Bunted foul
0-1: Ground out 6-3 (Groundball, 6)
Batting: RHB Jim Unknown 0-0: Called Strike
0-1: Foul Ball, location: 2F
0-2: Ball
1-2: Ball
2-2: Ball
3-2: SOLO HOME RUN (Line Drive, 7D), Distance : 379 ft
Batting: RHB Jim Unknown 0-0: Ball
1-0: Ground out 1-3 (Groundball, 15)
Bottom of the 5th over - 1 run(s), 1 hit(s), 0 error(s), 0 left on base; Port Royal 1 - Pawnee 1
TOP OF THE 6TH
Port Royal Disaster batting - Pitching for Pawnee ParksNRec : RHP Jim Unknown
Batting: LHB George Best 0-0: Swinging Strike
0-1: SINGLE (Groundball, 5D)
Batting: SHB Quan Ge 0-0: Called Strike
0-1: Ball
1-1: SINGLE (Groundball, 6MD)
George Best to second
Runner from 2nd tries for 3rd, SAFE, no throw or cutoff
Batting: SHB Ethan Jollymour 0-0: Foul Ball, location: 2F
0-1: Called Strike
0-2: SINGLE (Flyball, 8RS)
George Best scores
Quan Ge to second
Batting: LHB Jason Potter 0-0: Ball
1-0: Ball
2-0: Called Strike
2-1: Grounds into double play, 4-6-3 (Groundball, 4)
Quan Ge to third
Batting: RHB Jim Unknown 0-0: Swinging Strike
0-1: Called Strike
0-2: Ball
1-2: Ground out 5-3 (Groundball, 5)
Top of the 6th over - 1 run(s), 3 hit(s), 0 error(s), 1 left on base; Port Royal 2 - Pawnee 1
BOTTOM OF THE 6TH
Pawnee ParksNRec batting - Pitching for Port Royal Disaster : RHP Félix Jiménez
Batting: RHB Jim Unknown 0-0: Ball
1-0: Called Strike
1-1: SINGLE (Line Drive, 8LS)
Batting: RHB Jim Unknown 0-0: Ball
1-0: Sac Bunt - play at second, runner OUT! 1-6
Batting: RHB Jim Unknown 0-0: Called Strike
0-1: Swinging Strike
0-2: Ball
1-2: Foul Ball, location: 2F
1-2: Foul Ball, location: 2F
1-2: Reached on error, E5 (Groundball, 56S)
Jim Unknown to second
Batting: RHB Jim Unknown 0-0: Called Strike
0-1: Ball
1-1: Fly out, F3 (Line Drive, 3S)
Batting: RHB Jim Unknown 0-0: Called Strike
0-1: Ground out 6-3 (Groundball, 56)
Bottom of the 6th over - 0 run(s), 1 hit(s), 1 error(s), 2 left on base; Port Royal 2 - Pawnee 1
TOP OF THE 7TH
Port Royal Disaster batting - Pitching for Pawnee ParksNRec : RHP Jim Unknown
Batting: LHB Keith McKnight 0-0: Called Strike
0-1: Ball
1-1: Called Strike
1-2: Ball
2-2: Foul Ball, location: 2F
2-2: Ball
3-2: Base on Balls
Batting: RHB Clint Anthony 0-0: Swinging Strike
0-1: Called Strike
0-2: Ball
1-2: Strikes out swinging
Batting: LHB Nelson Sanders 0-0: Ball
1-0: Swinging Strike
1-1: Ball
2-1: Ball
3-1: Called Strike
3-2: Fly out, F8 (Flyball, 8RM)
3-2: Fly out, F8 (Flyball, 8RM)
Pitching: RHP Jim Unknown
Batting: RHB Mike Green 0-0: Ball
1-0: Called Strike
Throwing error on steal attempt, E2
Keith McKnight to third
1-1: Foul Ball, location: 2F
1-2: Ball
2-2: Ball
3-2: Fly out, F3 (Popup, 3F)
Top of the 7th over - 0 run(s), 0 hit(s), 1 error(s), 1 left on base; Port Royal 2 - Pawnee 1
BOTTOM OF THE 7TH
Pawnee ParksNRec batting - Pitching for Port Royal Disaster : RHP Félix Jiménez
Batting: LHB Jim Unknown 0-0: Called Strike
0-1: Ball
1-1: Foul Ball, location: 2F
1-2: Strikes out looking
Batting: RHB Jim Unknown 0-0: Called Strike
0-1: Ground out 6-3 (Groundball, 6)
Batting: RHB Jim Unknown 0-0: Ball
1-0: Fly out, F8 (Flyball, 8LXD)
Bottom of the 7th over - 0 run(s), 0 hit(s), 0 error(s), 0 left on base; Port Royal 2 - Pawnee 1
TOP OF THE 8TH
Port Royal Disaster batting - Pitching for Pawnee ParksNRec : RHP Jim Unknown
Batting: LHB George Best 0-0: Fly out, F5 (Popup, 5SF)
Batting: SHB Quan Ge 0-0: Ball
1-0: Ball
2-0: Ball
3-0: Called Strike
3-1: Swinging Strike
3-2: SINGLE (Line Drive, 4MD)
Batting: SHB Ethan Jollymour 0-0: Called Strike
0-1: Ball
1-1: Foul Ball, location: 2F
1-2: SINGLE (Line Drive, 89S)
Quan Ge to second
Batting: LHB Jason Potter 0-0: Ball
1-0: Foul Ball, location: 2F
1-1: Fly out, F7 (Line Drive, 7S)
Batting: RHB Jim Unknown 0-0: Called Strike
0-1: Ball
1-1: DOUBLE (Line Drive, 8RD)
Quan Ge scores
Ethan Jollymour to third
Runner from 3rd tries for Home, SAFE, no throw or cutoff
Batting: LHB Keith McKnight 0-0: Foul Ball, location: 2F
0-1: Ball
1-1: Called Strike
1-2: Strikes out swinging
Top of the 8th over - 2 run(s), 3 hit(s), 0 error(s), 1 left on base; Port Royal 4 - Pawnee 1
BOTTOM OF THE 8TH
Pawnee ParksNRec batting - Pitching for Port Royal Disaster : RHP Félix Jiménez
Batting: RHB Jim Unknown 0-0: Swinging Strike
0-1: Fly out, F9 (Flyball, 89D)
Batting: RHB Jim Unknown 0-0: Swinging Strike
0-1: Called Strike
0-2: Ball
1-2: Strikes out swinging
Batting: RHB Jim Unknown 0-0: Foul Ball, location: 2F
0-1: Ball
1-1: Ball
2-1: Foul Ball, location: 2F
2-2: Ball
3-2: Strikes out swinging
Bottom of the 8th over - 0 run(s), 0 hit(s), 0 error(s), 0 left on base; Port Royal 4 - Pawnee 1
TOP OF THE 9TH
Port Royal Disaster batting - Pitching for Pawnee ParksNRec : RHP Jim Unknown
Pitching: LHP Jim Unknown
Batting: RHB Clint Anthony 0-0: Called Strike
0-1: Swinging Strike
0-2: SOLO HOME RUN (Flyball, 7D), Distance : 376 ft
Batting: LHB Nelson Sanders 0-0: Called Strike
0-1: Foul Ball, location: 2F
0-2: TRIPLE (Flyball, 78XD)
Batting: RHB Mike Green 0-0: Intentional Walk
Batting: LHB George Best 0-0: Foul Ball, location: 2F
0-1: Swinging Strike
0-2: Foul Ball, location: 2F
0-2: Strikes out swinging
Batting: SHB Quan Ge 0-0: Foul Ball, location: 2F
0-1: Foul Ball, location: 2F
0-2: Ball
1-2: Strikes out looking
Batting: SHB Ethan Jollymour 0-0: Ball
1-0: Called Strike
1-1: Called Strike
1-2: Reached on error, E3 (Groundball, 34)
Nelson Sanders scores
Mike Green to third
Batting: LHB Jason Potter 0-0: Called Strike
0-1: Called Strike
0-2: Ball
1-2: Strikes out swinging
Top of the 9th over - 2 run(s), 2 hit(s), 1 error(s), 2 left on base; Port Royal 6 - Pawnee 1
BOTTOM OF THE 9TH
Pawnee ParksNRec batting - Pitching for Port Royal Disaster : RHP Félix Jiménez
Batting: RHB Jim Unknown 0-0: Ground out 4-3 (Groundball, 4M)
Batting: RHB Jim Unknown 0-0: Ball
1-0: Ball
2-0: Ball
3-0: Called Strike
3-1: Foul Ball, location: 2F
3-2: Strikes out swinging
Batting: RHB Jim Unknown 0-0: Called Strike
0-1: Ball
1-1: Fly out, F7 (Flyball, 7D)
Bottom of the 9th over - 0 run(s), 0 hit(s), 0 error(s), 0 left on base; Port Royal 6 - Pawnee 1
This league is powered by Out of the Park Baseball, the baseball management simulation game for PC, Mac and Linux
Saturday, February 27th, 2021 - OOTP Baseball 15.6 Build 34